 Dungeon Crawl Stone Soup version 0.18-a0-116-g2d311b1 (webtiles) character file.

123 Proton the Covered (level 4, -12/40 HPs)
             Began as a Deep Dwarf Fighter on Nov 16, 2015.
             Killed by nerve-wracking pain
             ... invoked by an orc priest
              (13 damage)
             ... on level 3 of the Dungeon.
             The game lasted 00:05:19 (1847 turns).

Proton the Covered (Deep Dwarf Fighter)             Turns: 1847, Time: 00:05:19

Health: -12/40     AC:  8    Str: 20    XL:     4   Next: 79%
Magic:  4/4        EV:  9    Int:  9    God:
Gold:   50         SH:  0    Dex: 12    Spells: 0 memorised, 3 levels left

rFire  . . .     SeeInvis .     a - +0 war axe
rCold  . . .     Clarity  .     b - +0 scale mail
rNeg   . . .     SustAt   .     (no shield)
rPois  .         Gourm    .     (no helmet)
rElec  .         Spirit   .     k - +0 cloak
rCorr  .         Warding  .     (no gloves)
rMut   .         Rnd*Tele +     (no boots)
MR     .....                    (no amulet)
Stlth  ..........               (no ring)
                                r - ring of teleportation (curse)

@: non-regenerating, not resistant to hostile enchantments, extremely unstealthy
A: damage resistance, recharge devices, sense surroundings 1, slow regeneration
3
a: Device Recharging, Evoke Teleportation


You were on level 3 of the Dungeon.
You were not hungry.

You visited 1 branch of the dungeon, and saw 3 of its levels.

You collected 50 gold pieces.

Inventory:

Hand Weapons
 a - a +0 war axe (weapon)
Missiles
 s - 16 poisoned needles
Armour
 b - a +0 scale mail (worn)
 k - a +0 cloak (worn)
Jewellery
 r - a cursed ring of teleportation (left hand)
Wands
 e - a wand of heal wounds (2)
Scrolls
 g - a scroll of identify {unknown}
 j - a scroll of fog {unknown}
 m - 2 scrolls of magic mapping {unknown}
 q - a scroll of fear {unknown}
Potions
 c - 2 potions of heal wounds {unknown}
 d - a potion of might
 h - a potion of magic {unknown}
 i - a potion of resistance {unknown}
 l - a potion of degeneration {unknown}
 n - a potion of mutation {unknown}
 o - a potion of haste {unknown}
 p - 2 potions of curing {unknown}
 t - 2 potions of lignification {unknown}
Comestibles
 f - a bread ration


   Skills:
 - Level 2.6 Fighting
 * Level 4.5 Axes
 + Level 4.6 Armour
   Level 3.2 Shields


You had 3 spell levels left.
You didn't know any spells.

Dungeon Overview and Level Annotations

Branches:
Dungeon (3/15)

Altars:
Fedhas
Zin

Shops:
D:2 *


Innate Abilities, Weirdness & Mutations

You are resistant to damage.
You can recharge devices by infusing magical energy.
You passively map a small area around you.
You do not regenerate naturally.


Message History

You hit the orc priest.
The orc priest is heavily wounded.
Your scale mail prevents you from hitting the adder.
The orc priest hits you.
* * * LOW HITPOINT WARNING * * *
The adder bites you but does no damage.
You hit the orc priest.
The orc priest is severely wounded.
You slash the adder!
You kill the adder!
The orc priest hits you but does no damage.
The orc priest looks braver for a moment.
You barely miss the orc priest.
The orc priest is heavily wounded.
The orc priest hits you.
You hit the orc priest.
The orc priest is severely wounded.
The orc priest invokes the aid of Beogh against you.
Pain shoots through your body!
You die...

, * #.# * ,* ###.#
* ** ###...# * ###
* * #...... * #..#
# #.#.### ,
#.#.#.#########.#†#
,
....##.........#.#
,,
,#o)##.#########.#
**
*#.###)@##.#######
#.#
#...............#
#.# *
#...).[...#####.#
#.# , ,
*#.###..#### *
#.### .. #..# ,
#.... *# #..# #####
, ...# , , ##.## ,
* #. *


You could see an orc priest.

Vanquished Creatures
  3 adders
  3 gnolls (D:2)
  An ooze (D:2)
  A worm (D:2)
  2 giant geckos
  3 orcs (D:3)
  A giant cockroach (D:1)
  9 goblins
  9 hobgoblins
  6 kobolds
  3 quokkas
  A ball python (D:2)
  6 bats
  6 giant newts
  2 jackals (D:2)
  4 rats
60 creatures vanquished.

Notes
Turn   | Place    | Note
--------------------------------------------------------------
     0 | D:1      | Proton the Deep Dwarf Fighter began the quest for the Orb.
     0 | D:1      | Reached XP level 1. HP: 20/20 MP: 1/1
   213 | D:1      | You fall through a shaft!
   247 | D:1      | Reached XP level 2. HP: 21/27 MP: 2/2
   919 | D:2      | Reached skill level 4 in Armour
   919 | D:2      | Reached XP level 3. HP: 17/33 MP: 3/3
  1119 | D:2      | Found a blossoming altar of Fedhas.
  1272 | D:2      | Found Zin's Purification Station.
  1274 | D:2      | Found a glowing silver altar of Zin.
  1360 | D:2      | Reached XP level 4. HP: 19/40 MP: 4/4
  1650 | D:2      | HP: 2/40 [gnoll/flail (7)]
  1844 | D:3      | HP: 1/40 [orc priest (3)]
  1847 | D:3      | Killed from afar by an orc priest

Vault maps used:
D:1:      minmay_arrival_shattered_statue
D:2:      lemuel_coloured_pillars_altar, zin_purify, first_bread
D:3:      minmay_misc_feat_enclosed, corexii_corridor_pit

Action                   |  1- 3 |  4- 6 || total
-------------------------+-------+-------++-------
Melee: War axe           |   150 |    44 ||   194
       Short sword       |     6 |       ||     6
Evoke: Wand              |     1 |     2 ||     3
  Eat: Bread ration      |       |     1 ||     1
       Pizza             |       |     1 ||     1
